 Dungeon Crawl Stone Soup version 0.21.1-1-g345015fe64 (webtiles) character file.

46825 Destragon the Bludgeoner (level 14, -2/132 HPs)
             Began as a Minotaur Fighter on July 17, 2018.
             Was the Champion of Okawaru.
             Splashed by an acid blob's acid (4 damage)
             ... on level 2 of the Pits of Slime.
             The game lasted 02:30:33 (21835 turns).

Destragon the Bludgeoner (Minotaur Fighter)        Turns: 21835, Time: 02:30:36

Health: -2/132     AC: 14    Str: 24    XL:     14   Next: 6%
Magic:  0/7        EV: 14    Int:  7    God:    Okawaru [******]
Gold:   727        SH: 15    Dex: 10    Spells: 3/13 levels left

rFire    + . .     SeeInvis .   m - +7 morningstar of the Grave {antimagic, rElec Str-2 Int-2 Stlth+}
rCold    + . .     Gourm    .   c - +0 shield
rNeg     . . .     Faith    .   a - +0 acid dragon scales
rPois    .         Spirit   +   H - +2 hat {MR+}
rElec    +         Reflect  .   x - +2 cloak {MR+}
rCorr    +         Harm     .   y - +0 pair of gloves "Elyusure" {*Drain rElec rCorr Int+4}
MR       +++..                  N - +0 pair of boots {Stlth+}
Stlth    +++++.....             Z - amulet of guardian spirit
HPRegen  0.32/turn              e - ring of protection from fire
MPRegen  0.10/turn              P - ring of magical power

@: heroism, corroded, starving
A: retaliatory headbutt, horns 2, cold resistance 1, deformed body
a: Heroism, Finesse, Renounce Religion


You were on level 2 of the Pits of Slime.
You worshipped Okawaru.
Okawaru was exalted by your worship.
You were starving.

You visited 4 branches of the dungeon, and saw 19 of its levels.

You collected 1281 gold pieces.
You spent 554 gold pieces at shops.

Inventory:

Hand Weapons
 m - the +7 morningstar of the Grave (weapon) {antimagic, rElec Str-2 Int-2 Stlth+}
   (You found it on level 5 of the Lair of Beasts)

   It reduces the magical energy of the wielder, and disrupts the spells and
   magical abilities of those hit.
   Natural abilities and divine invocations are not affected.
   It affects your strength (-2).
   It affects your intelligence (-2).
   It insulates you from electricity.
   It makes you more stealthy.
Armour
 a - +0 acid dragon scales (worn)
 c - a +0 shield (worn)
 x - a +2 cloak of magic resistance (worn)
 y - the +0 pair of gloves "Elyusure" (worn) {*Drain rElec rCorr Int+4}
   (You found it on level 9 of the Dungeon)

   It affects your intelligence (+4).
   It insulates you from electricity.
   It protects you from acid and corrosion.
   It causes draining when unequipped.
 z - the -1 pair of boots of Nisib {rF+ rC+}
   (Okawaru gifted it to you on level 6 of the Lair of Beasts)

   It protects you from fire.
   It protects you from cold.
 H - a +2 hat of magic resistance (worn)
 N - a +0 pair of boots of stealth (worn)
 R - a +0 plate armour
Jewellery
 e - a ring of protection from fire (left hand)
 i - an uncursed ring of fire
 w - an uncursed amulet of rage
 P - a ring of magical power (right hand)
 Z - an amulet of guardian spirit (around neck)
Wands
 t - a wand of polymorph (43)
 v - a wand of iceblast (13)
 A - a wand of disintegration (25)
 G - a wand of flame (60)
 S - a wand of acid (5)
 Y - a wand of scattershot (4)
Scrolls
 g - 6 scrolls of fog
 j - 7 scrolls of remove curse
 n - 4 scrolls of amnesia
 o - a scroll of blinking
 r - a scroll of fear {unknown}
 J - 4 scrolls of teleportation
 L - a scroll of torment
 M - a scroll of holy word {unknown}
 O - 2 scrolls of enchant weapon
 Q - 2 scrolls of immolation {unknown}
 T - 3 scrolls of magic mapping {unknown}
 W - a scroll of noise {unknown}
Potions
 b - 3 potions of ambrosia
 d - 2 potions of mutation
 h - 6 potions of curing
 k - 2 potions of invisibility
 l - 5 potions of magic
 p - a potion of resistance
 q - 5 potions of flight
 u - 2 potions of brilliance {unknown}
 B - a potion of haste
 D - 2 potions of agility
 E - 2 potions of berserk rage
 K - a potion of cancellation
 V - 2 potions of might
Miscellaneous
 F - a lightning rod (4/4)
Comestibles
 f - 36 rations


   Skills:
 + Level 14.2(19.2) Fighting
 + Level 15.1(20.1) Maces & Flails
 + Level 14.7(19.7) Armour
 - Level 1.3(6.3) Dodging
 - Level 0.8(5.8) Stealth
 - Level 14.0(19.0) Shields
 + Level 1.0 Invocations


You had 3 spell levels left.
You knew the following spells:

 Your Spells              Type           Power        Failure   Level  Hunger
a - Shock                 Conj/Air       #...         45%         1    ##.....
b - Corona                Hex            #......      45%         1    ##.....
c - Ensorcelled Hibernat  Hex/Ice        #.....       61%         2    ###....
d - Tukima's Dance        Hex            #.......     83%         3    ####...
e - Confuse               Hex            #.......     83%         3    ####...


Dungeon Overview and Level Annotations

Branches:
Dungeon (10/15)            Temple (1/1) D:4            Lair (6/6) D:9
 Shoals (0/4) Lair:2       Spider (0/4) Lair:4        Slime (2/5) Lair:6
    Orc: D:9-12

Altars:
Ashenzari
Cheibriados
Dithmenos
Elyvilon
Fedhas
Gozag
Hepliaklqana
Kikubaaqudgha
Makhleb
Nemelex Xobeh
Okawaru
Qazlal
Ru
Sif Muna
Trog
Uskayaw
Vehumet
Wu Jian
Xom
Yredelemnul
Zin
The Shining One
Jiyva

Shops:
D:4 %   D:9 !

Annotations:
Lair:6 1 runed door


Innate Abilities, Weirdness & Mutations

You reflexively headbutt those who attack you in melee.
You have a pair of horns on your head.
Your flesh is cold resistant. (rC+)
Armour fits poorly on your strangely shaped body.


Message History

* * * LOW HITPOINT WARNING * * *
You are splashed with acid!
The acid burns!
You resist.
* * * LOW HITPOINT WARNING * * *
The slime creature barely misses you. You furiously retaliate!
You headbutt the slime creature, but do no damage.
The great orb of eyes gazes at you. You resist with almost no effort.
The slime creature hits you.
* * * LOW HITPOINT WARNING * * *
Evoke which item? (* to show all) (? for menu, Esc to quit)
Aiming: Phantom Mirror
Press: ? - help, Dir - move target cursor, f - acid blob
Aim: an acid blob You reflect the acid blob with the mirror, and the mirror shatters!
Your acid blob spits acid at the slime creature.
The splash of acid hits the slime creature.
The slime creature is splashed with acid.
The acid corrodes the slime creature!
The acid blob hits you!!
* * * LOW HITPOINT WARNING * * *
You are splashed with acid!
The acid burns!
You resist.
You die...

##.....##.....
##.#..........#.
#...............
#...............
................
#.....>......#..
........J.....#.
#..@J.J.....
.......GJJ......
.##.............
..............##
.#..............
##.............
##..##........
### #########


You could see an acid blob, a great orb of eyes, 3 slime creatures and a
friendly acid blob.

Vanquished Creatures
  Gastronok (D:9)
  5 hydras
  Erolcha (D:9)
  2 two-headed ogres (D:9)
  A lindwurm (Lair:6)
  Pikel (D:6)
  A shining eye (Slime:1)
  2 wolf spiders (Lair:6)
  5 elephants (Lair:5)
  Psyche (D:8)
  A merfolk siren (Lair:2)
  6 torpor snails (Lair:6)
  10 black mambas
  A guardian serpent (Lair:6)
  A rime drake (Lair:6)
  6 komodo dragons
  11 spiny frogs
  3 jumping spiders (Lair:4)
  The ghost of Destragon the Cudgeler, an amateur MiFi (D:3)
  A polar bear (Lair:4)
  The ghost of lis82 the Charmwright, an amateur DgSk (D:4)
  4 tyrant leeches (Lair:6)
  12 slime creatures
  9 hornets (Lair:6)
  7 blink frogs
  3 hippogriffs
  7 redbacks
  10 yaks
  11 wyverns
  3 hogs (D:7)
  A human (D:7)
  2 basilisks
  A steam dragon (Lair:4)
  6 porcupines
  22 water moccasins
  2 hell hounds (Lair:4)
  3 ice beasts
  2 orc warriors
  4 sky beasts
  A necrophage (D:7)
  45 wolves
  3 phantoms
  7 ogres
  3 centaurs
  7 crocodiles
  2 big kobolds
  Blork the orc (D:6)
  12 bullfrogs
  A scorpion (D:9)
  4 killer bees (D:8)
  7 wights (D:9)
  2 vampire bats (D:3)
  An electric eel (Lair:2)
  2 howler monkeys (D:9)
  6 crimson imps
  4 hounds
  A centaur skeleton (D:4)
  A jelly (Lair:6)
  4 orc priests
  Crazy Yiuf (D:5)
  2 bullfrog skeletons (D:4)
  3 iguanas
  Terence (D:3)
  9 orc wizards
  9 worker ants
  An ogre zombie (D:6)
  A hound zombie (D:5)
  2 hound skeletons
  7 gnolls
  7 adders
  A gnoll zombie (D:6)
  2 shadow imps
  4 oozes
  8 worms
  A dart slug (D:3)
  3 leopard geckos
  34 orcs
  3 bat skeletons (D:3)
  2 bat zombies (D:3)
  4 giant cockroaches
  6 goblins
  6 hobgoblins
  15 kobolds
  6 quokkas
  3 ball pythons
  7 bats
  5 frilled lizards
  A quokka zombie (D:6)
  3 rats
442 creatures vanquished.

Vanquished Creatures (others)
  A crocodile (Lair:4)
  20 fungi
  45 plants
66 creatures vanquished.

Grand Total: 508 creatures vanquished

Notes
Turn   | Place    | Note
-------+----------+-------------------------------------------
     0 | D:1      | Destragon the Minotaur Fighter began the quest for the Orb.
     0 | D:1      | Reached XP level 1. HP: 19/19 MP: 0/0
   614 | D:1      | Reached XP level 2. HP: 27/27 MP: 1/1
  1237 | D:2      | Found a sparkling altar of Nemelex Xobeh.
  1367 | D:2      | Reached XP level 3. HP: 30/33 MP: 2/2
  1680 | D:3      | Reached skill level 3 in Maces & Flails
  1746 | D:3      | Noticed Destragon's ghost (amateur MiFi)
  1788 | D:4      | Noticed lis82's ghost (amateur DgSk)
  2228 | D:3      | Killed Destragon's ghost
  2228 | D:3      | Reached skill level 4 in Maces & Flails
  2228 | D:3      | Reached skill level 5 in Armour
  2228 | D:3      | Reached XP level 4. HP: 11/41 MP: 3/3
  2228 | D:3      | Reached XP level 5. HP: 12/47 MP: 4/4
  2427 | D:3      | Noticed Terence
  2449 | D:3      | Killed Terence
  2449 | D:3      | Reached XP level 6. HP: 44/53 MP: 5/5
  2476 | D:3      | Found a deep blue altar of Sif Muna.
  2511 | D:3      | Found a shimmering altar of Xom.
  2723 | D:3      | Reached skill level 5 in Maces & Flails
  2947 | D:3      | Reached skill level 5 in Shields
  3166 | D:3      | Found an ancient bone altar of Kikubaaqudgha.
  3311 | D:4      | Reached XP level 7. HP: 47/60 MP: 6/6
  3369 | D:3      | Paralysed by fainting for 6 turns
  3394 | D:4      | Found Xemih's Food Shop.
  3443 | D:5      | Entered Level 5 of the Dungeon
  3458 | D:4      | Bought a ration for 60 gold pieces
  3493 | D:4      | Reached skill level 6 in Maces & Flails
  3796 | D:4      | Killed lis82's ghost
  3796 | D:4      | Reached skill level 5 in Fighting
  3847 | D:4      | Reached skill level 7 in Maces & Flails
  3878 | D:4      | Found a staircase to the Ecumenical Temple.
  3890 | Temple   | Entered the Ecumenical Temple
  4004 | Temple   | Became a worshipper of Warmaster Okawaru
  4191 | D:4      | Reached skill level 1 in Dodging
  4675 | D:4      | Found a blossoming altar of Fedhas.
  4676 | D:4      | Found a glowing silver altar of Zin.
  4758 | D:5      | Found a sparkling altar of Nemelex Xobeh.
  4782 | D:5      | Reached XP level 8. HP: 51/68 MP: 7/7
  4947 | D:5      | Reached * piety under Okawaru
  4947 | D:5      | Reached skill level 8 in Maces & Flails
  5205 | D:5      | Found a runed door.
  5209 | D:5      | Noticed Crazy Yiuf
  5216 | D:5      | Killed Crazy Yiuf
  5388 | D:5      | Found a shattered altar of Ashenzari.
  5894 | D:6      | Reached XP level 9. HP: 78/78 MP: 8/8
  5924 | D:6      | Found a transporter.
  5948 | D:6      | Found a transporter.
  6175 | D:6      | Found a radiant altar of Vehumet.
  6196 | D:6      | Reached ** piety under Okawaru
  6390 | D:6      | Noticed Blork the orc
  6396 | D:6      | Killed Blork the orc
  6396 | D:6      | Reached skill level 9 in Maces & Flails
  6425 | D:6      | Found a shimmering altar of Xom.
  6543 | D:6      | Found a glowing golden altar of the Shining One.
  6598 | D:6      | Noticed Pikel
  6620 | D:6      | Killed Pikel
  6830 | D:8      | Noticed Psyche
  6911 | D:7      | Reached *** piety under Okawaru
  7262 | D:7      | Reached skill level 10 in Maces & Flails
  7308 | D:7      | Reached XP level 10. HP: 59/88 MP: 9/9
  7329 | D:7      | Got an iridescent short sword {holy}
  7330 | D:7      | Identified the +8 short sword of the Ageless Seas {holy, rElec Int+5} (You took it off a big kobold on level 7 of the Dungeon)
  7400 | D:7      | Found a hide-covered altar of Uskayaw.
  7435 | D:7      | Found a hazy altar of Hepliaklqana.
  7560 | D:7      | Reached **** piety under Okawaru
  7742 | D:8      | Killed Psyche
  7996 | D:8      | Found a burning altar of Makhleb.
  8086 | D:8      | Found an ornate altar of the Wu Jian Council.
  8561 | D:9      | Noticed Erolcha
  8930 | D:9      | Reached skill level 10 in Shields
  8975 | D:9      | Reached skill level 10 in Armour
  8983 | D:9      | Found a staircase to the Lair.
  8990 | Lair:1   | Entered Level 1 of the Lair of Beasts
  9203 | Lair:1   | Reached skill level 11 in Maces & Flails
  9208 | Lair:1   | Reached ***** piety under Okawaru
  9284 | Lair:1   | Noticed a four-headed hydra
  9741 | Lair:1   | Reached XP level 11. HP: 83/99 MP: 2/10
  9746 | Lair:1   | Killed a four-headed hydra
  9746 | Lair:1   | Reached skill level 10 in Fighting
 10831 | Lair:1   | Noticed a six-headed hydra
 11000 | Lair:1   | Killed a six-headed hydra
 11130 | Lair:1   | Reached skill level 12 in Maces & Flails
 11164 | Lair:1   | Received a gift from Okawaru
 11796 | D:9      | Killed Erolcha
 11954 | D:9      | Noticed a two-headed ogre
 11998 | D:9      | Killed a two-headed ogre
 12343 | D:9      | Noticed a two-headed ogre
 12405 | D:10     | Entered Level 10 of the Dungeon
 12508 | D:9      | Got a pair of warped gloves
 12519 | D:9      | Identified the cursed +0 pair of gloves "Elyusure" {*Drain rElec rCorr Int+4} (You found it on level 9 of the Dungeon)
 12655 | D:9      | Noticed Gastronok
 12657 | D:9      | Found a bloodstained altar of Trog.
 12682 | D:9      | Killed Gastronok
 12682 | D:9      | Received a gift from Okawaru
 12682 | D:9      | Reached XP level 12. HP: 73/110 MP: 9/11
 12769 | D:9      | Got an ebony shortbow
 12810 | D:9      | Found Quemus's Distillery.
 12813 | D:9      | Bought a potion of haste for 130 gold pieces
 12813 | D:9      | Bought 2 potions of curing for 78 gold pieces
 12813 | D:9      | Bought a potion of heal wounds for 65 gold pieces
 12813 | D:9      | Bought 2 potions of curing for 78 gold pieces
 12813 | D:9      | Bought a potion of heal wounds for 65 gold pieces
 12813 | D:9      | Bought a potion of heal wounds for 65 gold pieces
 12813 | D:9      | Bought a potion of degeneration for 13 gold pieces
 12831 | D:9      | Killed a two-headed ogre
 12831 | D:9      | Reached ****** piety under Okawaru
 13661 | Lair:2   | Noticed a five-headed hydra
 13676 | Lair:2   | Killed a five-headed hydra
 13676 | Lair:2   | Reached skill level 13 in Maces & Flails
 13761 | Lair:2   | Found a staircase to the Shoals.
 14727 | Lair:3   | Noticed a four-headed hydra
 14737 | Lair:3   | Killed a four-headed hydra
 15992 | Lair:4   | Received a gift from Okawaru
 16228 | Lair:4   | Found a hole to the Spider Nest.
 17073 | Lair:5   | Found a labyrinth entrance.
 17140 | Lair:5   | Reached XP level 13. HP: 65/119 MP: 12/12
 17411 | Lair:5   | Got a pitted morningstar
 17412 | Lair:5   | Identified the +7 morningstar of the Grave {antimagic, rElec Str-2 Int-2 Stlth+} (You found it on level 5 of the Lair of Beasts)
 17793 | Lair:6   | Entered Level 6 of the Lair of Beasts
 17823 | Lair:6   | Reached skill level 14 in Maces & Flails
 18050 | Lair:6   | Received a gift from Okawaru
 18055 | Lair:6   | Got a pair of heavily runed boots {god gift}
 18065 | Lair:6   | Identified the -1 pair of boots of Nisib {rF+ rC+} (Okawaru gifted it to you on level 6 of the Lair of Beasts)
 18110 | Lair:6   | Paralysed by a hornet for 2 turns
 18858 | Lair:6   | Found a runed door.
 18895 | Lair:6   | Paralysed by a hornet for 1 turns
 18898 | Lair:6   | Paralysed by a hornet for 3 turns
 18910 | Lair:6   | Paralysed by a hornet for 2 turns
 20021 | Lair:6   | Received a gift from Okawaru
 20031 | Lair:6   | Learned a level 1 spell: Shock
 20035 | Lair:6   | Learned a level 1 spell: Corona
 20307 | Lair:6   | Found a runed door.
 20308 | Lair:6   | Found a viscous altar of Jiyva.
 20308 | Lair:6   | Found a staircase to the Slime Pits.
 20379 | Lair:6   | Reached skill level 15 in Maces & Flails
 20583 | Lair:6   | Learned a level 2 spell: Ensorcelled Hibernation
 20587 | Lair:6   | Learned a level 3 spell: Tukima's Dance
 20591 | Lair:6   | Learned a level 3 spell: Confuse
 21187 | Slime:1  | Entered Level 1 of the Pits of Slime
 21190 | Slime:1  | Gained mutation: Armour fits poorly on your strangely shaped body. [a shining eye]
 21192 | Slime:1  | Gained mutation: Your flesh is cold resistant. (rC+) [a shining eye]
 21241 | Lair:6   | Reached XP level 14. HP: 51/132 MP: 1/13
 21579 | Slime:2  | Noticed an acid blob
 21825 | Slime:2  | Reached skill level 1 in Invocations
 21835 | Slime:2  | HP: 2/132 [acid blob (29)]
 21835 | Slime:2  | Splashed by an acid blob's acid

Skill      XL: |  1  2  3  4  5  6  7  8  9 10 11 12 13 14 |
---------------+-------------------------------------------+-----
Shields        | 4 5 6 7 9 10 12 13 14 | 14.0
Fighting       | 4 5 6 8 9 11 12 14 | 14.2
Armour         | 4 5 6 7 9 10 12 13 14 | 14.7
Maces & Flails | 4 5 7 8 10 11 12 13 15 | 15.1
Dodging        | 1 |  1.3
Invocations    | 1 |  1.0
Stealth        | |  0.8

Action                   |  1- 3 |  4- 6 |  7- 9 | 10-12 | 13-15 || total
-------------------------+-------+-------+-------+-------+-------++-------
Melee: Flail             |    88 |   114 |   124 |       |       ||   326
       Headbutt          |    19 |    23 |    67 |   187 |   108 ||   404
       Whip              |       |       |    17 |       |       ||    17
       Mace              |       |       |   208 |   905 |    48 ||  1161
       Short sword       |       |       |       |     2 |       ||     2
       Morningstar       |       |       |       |       |   386 ||   386
Throw: Tomahawk          |       |       |       |     6 |     7 ||    13
 Cast: Shock             |       |       |       |       |     1 ||     1
Invok: Heroism           |       |       |     4 |    18 |     6 ||    28
       Finesse           |       |       |       |     2 |     1 ||     3
 Abil: Evoke Berserk Rag |       |       |     1 |       |       ||     1
Evoke: Wand              |       |       |       |     4 |     7 ||    11
       Phantom mirror    |       |       |       |       |     1 ||     1
  Use: Scroll            |     4 |     1 |     8 |     9 |     8 ||    30
       Potion            |     1 |       |     1 |     6 |     7 ||    15
  Eat: Chunk             |     2 |       |    16 |    22 |    13 ||    53
       Ration            |       |     1 |       |     3 |       ||     4
Armor: Scale mail        |     8 |       |       |       |       ||     8
       Chain mail        |    40 |    61 |   101 |       |       ||   202
       Ring mail         |       |       |    19 |   218 |       ||   237
       Skin              |       |       |       |    83 |       ||    83
       Plate armour      |       |       |       |    68 |   167 ||   235
       Acid dragon scale |       |       |       |       |    18 ||    18
Dodge: Dodged            |    25 |    35 |    92 |   329 |    90 ||   571
Block: Shield            |    46 |    71 |   186 |   651 |   247 ||  1201
